 Dungeon Crawl Stone Soup version 0.31-a0-1267-gfedaa18580 (webtiles) character file.

Game seed: 18205573410744070794

497 BubbleThief the Grave Robber (level 6, -9/47 (50) HPs)
             Began as a Demonspawn Necromancer on Dec 17, 2023.
             Mangled by a wight
             ... wielding a +4 morningstar
              (14 damage)
             ... on level 4 of the Dungeon.
             The game lasted 00:07:18 (3777 turns).

BubbleThief the Grave Robber (DsNe)                 Turns: 3777, Time: 00:07:19

HP:   -9/47 (50)    AC: 13    Str: 13    XL:     6   Next: 93%
MP:   10/10         EV: 12    Int: 17    God:
Gold: 105           SH:  0    Dex: 13    Spells: 3/11 levels left

rFire   . . .        C - +7 dagger of the Coin {protect, Str+4}
rCold   . . .        (no shield)
rNeg    . . .        v - +0 ring mail
rPois   .            (no helmet)
rElec   .            h - +0 cloak
rCorr   .            (no gloves)
SInv    .            (no boots)
Will    .....        s - amulet of magic regeneration
Stlth   ++           t - ring of flight
HPRegen 0.27/turn    (no ring)
MPRegen 0.52/turn

%: no passive effects
@: under a protective aura, flying, drained
A: spiny 1, sturdy frame 2, weakness stinger 1
a: no special abilities


You were on level 4 of the Dungeon.
You visited 1 branch of the dungeon, and saw 5 of its levels.

You collected 192 gold pieces.
You spent 87 gold pieces at shops.

Inventory:

Hand Weapons
 C - the +7 dagger of the Coin (weapon) {protect, Str+4}
   (You found it on level 4 of the Dungeon)

   Str+4:     It affects your strength (+4).
Armour
 h - a +0 cloak (worn)
 v - a +0 ring mail (worn)
Magical Staves
 w - a staff of cold
Jewellery
 s - an amulet of magic regeneration (around neck)
 t - a ring of flight (left hand)
Wands
 g - a wand of polymorph (4)
 r - a wand of flame (37)
 x - a wand of iceblast (8)
Scrolls
 c - a scroll of torment {unknown}
 d - 5 scrolls of identify {unknown}
 f - a scroll of revelation {unknown}
 i - a scroll of fog {unknown}
 k - 2 scrolls of enchant weapon {unknown}
 l - a scroll of blinking {unknown}
 m - 3 scrolls of immolation {unknown}
 p - 2 scrolls of fear {unknown}
 y - 2 scrolls of teleportation {unknown}
 A - a scroll of brand weapon {unknown}
Potions
 a - 2 potions of heal wounds {unknown}
 b - 2 potions of magic
 e - a potion of might {unknown}
 j - 2 potions of curing {unknown}
 n - a potion of berserk rage {unknown}
 o - a potion of degeneration {unknown}
 q - a potion of enlightenment {unknown}
 u - a potion of attraction {unknown}
 z - a potion of resistance {unknown}
 B - a potion of brilliance {unknown}


   Skills:
 + Level 4.9 Fighting
 - Level 1.7 Dodging
 - Level 1.7 Stealth
 - Level 3.0 Spellcasting
 - Level 6.6 Necromancy


You had 3 spell levels left.
You knew the following spells:

 Your Spells              Type           Power      Damage    Failure   Level
a - Necrotise             Necr           100%       1d9       1%          1
b - Vampiric Draining     Necr           25%        2d7       4%          3
c - Animate Dead          Necr           25%        N/A       13%         4

Your spell library contained the following spells:

 Spells                   Type           Power      Damage    Failure   Level
 Scorch                   Fire           4%         2d5       30%         2
 Inner Flame              Hex/Fire       2%         N/A       52%         3
 Agony                    Necr           25%        N/A       36%         5
 Flame Wave               Conj/Fire      2%         2d4       89%         4
 Sticky Flame             Conj/Fire      2%         2d3       89%         4
 Summon Cactus Giant      Summ           1%         N/A       100%        6


Dungeon Overview and Level Annotations

Branches:
Dungeon (5/15)
 Temple: D:4-7

Altars:
Ashenzari

Shops:
D:4 *


Innate Abilities, Weirdness & Mutations

You are partially covered in sharp spines.
Your movements are less encumbered by armour. (ER -4)
You have a small tail.


Message History

Your weapon exudes an aura of protection.
The wight hits you but does no damage.
You hit the wight. You tail-slap the wight.
The wight is moderately damaged.
The wight hits you but does no damage.
You puncture the wight!
The wight is severely damaged.
You barely miss the wight.
The wight is severely damaged.
The wight hits you but does no damage. The wight closely misses you.
Unknown command.
You hit the wight.
The wight is severely damaged.
The wight hits you with a +3 trident!
The wight hits you with a +4 morningstar!
You feel drained.
Unknown command.
You closely miss the wight.
The wight is severely damaged.
The wight barely misses you.
The wight hits you with a +4 morningstar!
Unknown command.
The wight barely misses you. The wight hits you but does no damage.
You fly upwards.
There is a stone staircase leading down here.
Unknown command.
Unknown command.
You barely miss the wight.
The wight is severely damaged.
The wight hits you with a +3 trident!
* * * LOW HITPOINT WARNING * * *
You feel drained.
* * * LOW HITPOINT WARNING * * *
The wight is struck by your spines. The wight hits you but does no damage.
You hit the wight.
Your weapon exudes an aura of protection.
The wight is almost destroyed.
The wight misses you.
The wight hits you with a +4 morningstar!
You die...

#.##..........#
#.....#######.
#.##........#.# #..)..# #.
#.##........#.# #.....# ###.
#.##........#.# ##.#.###
#<#. #..'........#.###..#.#
#.#. ####.......##.##..##.#
#...
#.............###.##########
#<.......##z### #.........#
#.........z@# #########.#
#.......##### #.# #########
#.# #.# ###.# #.).# #.###
#.# #.#


You could see 2 wights.

Vanquished Creatures
  An ogre (D:4)
  A scorpion (D:4)
  3 hounds (D:4)
  A jelly (D:4)
  An iguana (D:4)
  Jessica (D:2)
  Terence (D:3)
  6 adders
  2 worms
  3 dart slugs
  5 orcs
  2 bats
  8 endoplasms
  7 giant cockroaches
  11 goblins
  5 hobgoblins
  10 jackals
  4 kobolds
  2 quokkas
  4 ball pythons
  5 frilled lizards
  6 rats
89 creatures vanquished.

Vanquished Creatures (collateral kills)
  A kobold (D:2)
1 creature vanquished.

Grand Total: 90 creatures vanquished

Notes
Turn   | Place    | Note
-------+----------+-------------------------------------------
     0 | D:1      | BubbleThief the Demonspawn Necromancer began the quest for
                  | the Orb.
     0 | D:1      | Reached XP level 1. HP: 13/13 MP: 3/3
   139 | D:1      | Gained mutation: You are partially covered in sharp spines.
                  | [demonic ancestry]
   139 | D:1      | Reached XP level 2. HP: 19/19 MP: 0/5
   451 | D:1      | Reached skill level 5 in Necromancy
   767 | D:1      | Gained mutation: Your movements are slightly less
                  | encumbered by armour. (ER -2) [demonic ancestry]
   767 | D:1      | Reached XP level 3. HP: 24/24 MP: 0/6
  1198 | D:2      | Found a faded altar of an unknown god.
  1666 | D:2      | Gained mutation: Your movements are less encumbered by
                  | armour. (ER -4) [demonic ancestry]
  1666 | D:2      | Reached XP level 4. HP: 30/30 MP: 4/8
  1802 | D:2      | Noticed Jessica
  1807 | D:2      | Killed Jessica
  1975 | D:2      | Reached skill level 6 in Necromancy
  2404 | D:3      | Learned a level 3 spell: Vampiric Draining
  2409 | D:3      | Learned a level 4 spell: Animate Dead
  2535 | D:3      | Reached XP level 5. HP: 36/36 MP: 6/9
  2670 | D:3      | Found a broken altar of Ashenzari.
  2911 | D:3      | Noticed Terence
  2916 | D:3      | Killed Terence
  2917 | D:3      | Reached skill level 1 in Fighting
  3220 | D:4      | Gained mutation: You have a small tail. [demonic ancestry]
  3220 | D:4      | Reached XP level 6. HP: 45/47 MP: 7/10
  3248 | D:4      | Found Kutageha's Assorted Antiques.
  3252 | D:4      | Bought a scroll labelled KATATR NIRY for 30 gold pieces
  3252 | D:4      | Bought a scroll labelled KITOFO GOTAKH for 30 gold pieces
  3252 | D:4      | Bought a sapphire potion for 27 gold pieces
  3273 | D:4      | Identified the +7 dagger of the Coin {protect, Str+4}
  3767 | D:5      | Entered Level 5 of the Dungeon
  3777 | D:4      | Mangled by a wight

Illustrated notes

Levels and vault maps discovered:
D:1:      wander_arrival_fairy_ring, layout_basic
D:2:      layout_basic, nicolae_ecumenical_pavilion, uniq_jessica
D:3:      minmay_door_path, layout_basic, cheibrodos_ashenzari_chains,
          uniq_terence
D:4:      layout_basic, serial_shops, shop_statue
D:5:      layout_loops_ring, grunt_dithmenos_smoke, uniq_pikel

Skill      XL: |  1  2  3  4  5  6 |
---------------+-------------------+-----
Necromancy     | 5 6 |  6.6
Spellcasting   | 3 |  3.0
Fighting       | 3 4 |  4.9
Dodging        | |  1.7
Stealth        | |  1.7

Action                     |  1- 3 |  4- 6 || total
---------------------------+-------+-------++-------
  Melee: Unarmed           |     2 |       ||     2
         Short sword       |     3 |       ||     3
         Dagger            |       |    24 ||    24
         Tailslap          |       |     4 ||     4
   Cast: Necrotise         |    79 |    74 ||   153
   Stab: Sleeping          |       |     1 ||     1
 Armour: Robe              |     3 |       ||     3
         Ring mail         |       |    25 ||    25
         Leather armour    |       |     2 ||     2
  Dodge: Dodged            |    15 |    14 ||    29

Table legend: (Time is in decaauts)
 A = Elapsed time spent in this place.
 B = Non-inter-level travel time spent in this place.
 C = Inter-level travel time spent in this place.
 D = Time resting spent in this place.
 E = Time spent auto-exploring this place.
 F = Levels seen in this place.
 G = Mean time per level.
                   A        B        C        D        E       F      G
               +--------+--------+--------+--------+--------+-----+--------+
         Total |   3774 |   3578 |    196 |      0 |   2931 |   5 |  754.8 |
       Dungeon |   3774 |   3578 |    196 |      0 |   2931 |   5 |  754.8 |
               +--------+--------+--------+--------+--------+-----+--------+

Top non-repeatable levels by time:
     D:1: 1197 daAuts
     D:2: 990 daAuts
     D:3: 944 daAuts
     D:4: 634 daAuts
     D:5: 7 daAuts
